 Dungeon Crawl Stone Soup version 0.29.1-2-gbd0b4ee654 (webtiles) character file.

Game seed: 5104948709959489751

135 Hadkhar the Magician (level 5, -3/38 HPs)
             Began as a Djinni Hedge Wizard on Oct 23, 2022.
             Slain by an orc wizard
             ... wielding a +2 dagger of protection
              (4 damage)
             ... on level 3 of the Dungeon.
             The game lasted 00:13:44 (3497 turns).

Hadkhar the Magician (Djinni Hedge Wizard)          Turns: 3497, Time: 00:13:45

Health: -3/38      AC:  8    Str:  9    XL:     5   Next: 41%
Gold:   64         EV: 12    Int: 17    God:
                   SH:  0    Dex: 13

rFire   + + .      SeeInvis .   k - +2 short sword (holy)
rCold   x . .      Faith    .   (no shield)
rNeg    . . .      Spirit   .   b - +0 robe
rPois   ∞          Reflect  .   a - +0 helmet
rElec   .          Harm     .   (no cloak)
rCorr   +          Rampage  .   m - +0 pair of gloves
Will    .....                   (boots unavailable)
Stlth   ++........              (no amulet)
HPRegen 0.12/turn               c - ring of resist corrosion
MPRegen 0.00/turn               u - +4 ring of protection

@: flying
A: sickness immunity, fire resistance 2, cold vulnerability 1, float, innate
caster, HP casting, extra vitality 1
a: no special abilities


You were on level 3 of the Dungeon.
You visited 1 branch of the dungeon, and saw 3 of its levels.

You collected 64 gold pieces.

Inventory:

Hand Weapons
 k - a +2 short sword of holy wrath (weapon)
Armour
 a - a +0 helmet (worn)
 b - a +0 robe (worn)
 d - a +0 scale mail
 m - a +0 pair of gloves (worn)
 n - a +0 hat of willpower
Magical Staves
 g - a staff of fire
Jewellery
 c - a ring of resist corrosion (left hand)
 u - a +4 ring of protection (right hand)
Scrolls
 h - a scroll of fear {unknown}
 i - a scroll of silence {unknown}
 j - 4 scrolls of identify {unknown}
 o - a scroll of immolation {unknown}
 s - 3 scrolls of blinking {unknown}
Potions
 e - 2 potions of curing {unknown}
 f - a potion of mutation {unknown}
 l - a potion of degeneration {unknown}
 p - a potion of flight {unknown}
 q - a potion of ambrosia {unknown}
 r - a potion of haste {unknown}
 t - a potion of attraction {unknown}


   Skills:
 + Level 1.8 Fighting
 - Level 2.3 Dodging
 + Level 2.6 Stealth
 * Level 3.6 Spellcasting


You couldn't memorise any spells.
You knew the following spells:

 Your Spells              Type           Power      Damage    Failure   Level
a - Magic Dart            Conj           60%        1d6       3%          1
b - Blink                 Tloc           30%        N/A       5%          2
c - Call Imp              Summ           15%        N/A       5%          2
d - Slow                  Hex            60%        N/A       3%          1
e - Conjure Flame         Conj/Fire      15%        6-21      11%         3
f - Mephitic Cloud        Conj/Pois/Air  15%        N/A       11%         3
g - Sandblast             Erth           30%        2d9       3%          1
h - Static Discharge      Conj/Air       15%        3-5/arc   5%          2
Your spell library was empty.

Dungeon Overview and Level Annotations

Branches:
Dungeon (3/15)

Altars:


Innate Abilities, Weirdness & Mutations

You are immune to sickness and miasma.
You are immune to poison.
Your flesh is very heat resistant. (rF++)
You are vulnerable to cold. (rC-)
You float through the air rather than walking.
You learn spells naturally, not from books.
Your magical power is your life essence.
You have superior vitality. (+4 MHP)


Message History

Something hits your crimson imp but does no damage.
You barely miss something.
Your crimson imp disappears in a puff of smoke!
Something hits you.
You completely miss something. Something hits you but does no damage.
You miss something. Something completely misses you.
You bump into the rock wall.
Something hits you.
You closely miss something. Something hits you but does no damage.
Something hits you.
* * * LOW HITPOINT WARNING * * *
Something hits you but does no damage.
You're too confused to move!
Something completely misses you.
You bump into the rock wall.
Something hits you.
* * * LOW HITPOINT WARNING * * *
You miss something. Something hits you.
* * * LOW HITPOINT WARNING * * *
You hit something but do no damage.
You feel less confused. Something hits you but does no damage.
You barely miss something. Something hits you but does no damage.
You miss something.
You hear some strange, mumbled words.
Something tries to affect you, but you resist.
You hit something but do no damage. Your punch misses something.
Something hits you but does no damage. Something barely misses you.
You hit something but do no damage.
You hear some strange, mumbled words.
A magic dart appears from out of thin air!
The magic dart hits you.
* * * LOW HITPOINT WARNING * * *
You hit something but do no damage.
An orc wizard appears from thin air!
Reactivating autopickup.
The orc wizard hits you with a +2 dagger of protection.
* * * LOW HITPOINT WARNING * * *
Casting: Magic Dart (safe; 3% risk of failure)
Confirm with . or Enter, or press ? or * to list all spells.
A beastly little devil appears in a puff of flame.
* * * LOW HITPOINT WARNING * * *
The orc wizard hits you with a +2 dagger of protection.
You die...

#.# #.# #.# #.#
####.# ##.##.#
####..<#.#######
+...............
####@o)#.#######
##5##.# ####.#
#.# #.# ####
###### #.# ....
.....# #.#
#..##.##.# #.#
#.#...#.##.# #.#


You could see an orc wizard (ally target) and a friendly crimson imp (summoned).

Vanquished Creatures
  4 adders (D:2)
  A dart slug (D:2)
  An orc (D:3)
  An endoplasm (D:1)
  2 giant cockroaches
  2 goblins
  2 hobgoblins
  2 jackals (D:2)
  4 kobolds (D:1)
  4 quokkas
  7 ball pythons
  A bat (D:2)
  A frilled lizard (D:2)
  5 rats
37 creatures vanquished.

Vanquished Creatures (collateral kills)
  An orc priest (D:3)
  An orc wizard (D:3)
  An orc (D:3)
  An endoplasm (D:2)
  A hobgoblin (D:2)
  A frilled lizard (D:2)
6 creatures vanquished.

Grand Total: 43 creatures vanquished

Notes
Turn   | Place    | Note
-------+----------+-------------------------------------------
     0 | D:1      | Hadkhar the Djinni Hedge Wizard began the quest for the
                  | Orb.
     0 | D:1      | Hadkhar set off with the following spells memorised: Magic
                  | Dart, Blink, Call Imp, Slow, Conjure Flame, Mephitic Cloud.
     0 | D:1      | Reached XP level 1. HP: 15/15 MP: 0/0
   472 | D:1      | Reached XP level 2. HP: 18/21 MP: 0/0
   977 | D:1      | Found a faded altar of an unknown god.
  1433 | D:2      | Reached XP level 3. HP: 25/26 MP: 0/0
  1433 | D:2      | Learned a level 1 spell: Sandblast
  1517 | D:2      | Reached skill level 3 in Spellcasting
  1790 | D:2      | Reached skill level 1 in Fighting
  1791 | D:2      | Reached XP level 4. HP: 21/32 MP: 0/0
  3100 | D:3      | Reached XP level 5. HP: 31/37 MP: 0/0
  3100 | D:3      | Learned a level 2 spell: Static Discharge
  3497 | D:3      | Slain by an orc wizard

Illustrated notes

Levels and vault maps discovered:
D:1:      psy_arrival_spokes, layout_basic, dreamdust_ecumenical_altar_statues,
          nrook_mini_vaults, minmay_tromino_v7
D:2:      layout_loops_ring
D:3:      layout_loops_corners, nicolae_uskayaw_en_pointe, gammafunk_ghost_grave

Skill      XL: |  1  2  3 |
---------------+----------+-----
Stealth        | 2 |  2.6
Spellcasting   | 3 |  3.6
Fighting       | 1 |  1.8
Dodging        | |  2.3

Action                   |  1- 3 |  4- 6 || total
-------------------------+-------+-------++-------
Melee: Short sword       |    23 |    76 ||    99
 Cast: Magic Dart        |    45 |    22 ||    67
       Call Imp          |       |    13 ||    13
       Blink             |       |     2 ||     2
Armor: Robe              |    10 |    48 ||    58
Dodge: Dodged            |    18 |    42 ||    60
